 Dungeon Crawl Stone Soup version 0.15-a0-335-g04a2ae6 (webtiles) character file.

571 4tharraofdagon the Ruffian (level 7, 0/39 HPs)
             Began as a Gargoyle Monk on May 1, 2014.
             Slain by a hound (5 damage)
             ... while paralysed by a giant eyeball
             ... on Level 4 of the Dungeon.
             The game lasted 00:08:18 (1581 turns).

4tharraofdagon the Ruffian (Gargoyle Monk)          Turns: 1581, Time: 00:08:19

HP   0/39        AC  6     Str 12      XL: 7   Next: 21%
MP   7/7         EV  2     Int 11      God:
Gold 51          SH  0     Dex 12      Spells:  0 memorised,  6 levels left

rFire  + . .     SeeInvis .       - Unarmed
rCold  . . .     Clarity  +     a - +0 robe (curse)
rNeg   + + .     Conserve .     g - +0 buckler
rPois  +         rCorr    .     (no helmet)
rElec  +         rRot     +     (no cloak)
SustAb . .       Spirit   .     (no gloves)
rMut   .         Warding  +     (no boots)
Saprov . . .     Rnd*Tele +     n - cursed amulet of warding
MR     .....                    (no ring)
                                d - cursed -2 ring of intelligence

@: paralysed, not resistant to hostile enchantments, unstealthy
A: clarity, fire resistance 1, frail 1, life protection 1, electricity
resistance, teleportitis 1, weak 1, unbreathing, petrification resistance, AC +4
a: no special abilities


You were on level 4 of the Dungeon.
You were hungry.

You visited 1 branch of the dungeon, and saw 7 of its levels.
You also visited: Ossuary.

You collected 51 gold pieces.

Inventory:

Hand weapons
 s - a cursed +0 blowgun
Missiles
 t - 6 poisoned needles
Armour
 a - a cursed +0 robe (worn)
 e - a +0 scale mail
 g - a +0 buckler (worn)
Comestibles
 b - 2 bread rations
 A - a choko
Scrolls
 f - 3 scrolls of noise
 h - a scroll of enchant weapon I {unknown}
 i - a scroll of fog {unknown}
 j - 2 scrolls of remove curse {unknown}
 k - 2 scrolls of amnesia {unknown}
 l - 3 scrolls of immolation
 m - a scroll of magic mapping {unknown}
 o - a scroll of enchant armour {unknown}
 r - a scroll of teleportation
 u - 3 scrolls of random uselessness {unknown}
Jewellery
 d - a cursed -2 ring of intelligence (left hand)
 n - a cursed amulet of warding (around neck)
Potions
 p - 2 potions of lignification
 q - a potion of restore abilities
 v - 6 potions of confusion
 w - 2 potions of degeneration
 x - 6 potions of curing
 z - a potion of brilliance
 B - a potion of magic
 C - a potion of agility {unknown}
Books
 c - a book of Conjurations

   Spells                             Type                      Level
   Magic Dart                         Conjuration                  1
   Searing Ray                        Conjuration                  2
   Dazzling Spray                     Conjuration/Hexes            3
   Fulminant Prism                    Conjuration/Hexes            4
   Iskenderun's Mystic Blast          Conjuration                  4
   Iskenderun's Battlesphere          Conjuration/Charms           5


   Skills:
 + Level 4.7 Fighting
 + Level 3.8 Dodging
 - Level 2.1 Stealth
 + Level 3.1 Shields
 * Level 6.8 Unarmed Combat


You had 6 spell levels left.
You didn't know any spells.

Dungeon Overview and Level Annotations

Branches:
Dungeon (7/15)
 Temple: D:4-7

Altars:
Dithmenos

Shops:
D:5 (%!


Innate Abilities, Weirdness & Mutations

You are resistant to torment.
You are immune to poison.
You are immune to rotting.
Your stone body is very resilient (AC +4).
You resist negative energy.
You are resistant to electric shocks.
You can survive without breathing.
You are immune to petrification.
You possess an exceptional clarity of mind.
Your flesh is heat resistant.
You are frail (-10% HP).
Space occasionally distorts in your vicinity.
You are weak. (Str -2)


Message History

Found 7 gold pieces.
You see here a scale mail.
C - a brown potion
Things that are here:
a dagger; a robe; an orc corpse You see here a mace.
A giant eyeball comes into view.
You now have 41 gold pieces (gained 7).
You now have 51 gold pieces (gained 10).
You are feeling hungry.
A hound comes into view.
A worker ant comes into view.
The worker ant twitches its antennae in your direction.
Unknown command.
The hound barks!
The giant eyeball stares at you.
You suddenly lose the ability to move!
The hound bites you.
* * * LOW HITPOINT WARNING * * *
The hound bites you.
You die...

########################
.........................
..........................
.................).........
.................)[........
...........................
........a...................
......G...h@................
............................
...........................
...#########.....##########
..... .. #.....# ........
#.....# ......... #.....#
.........# #.....#
.........# #.....#
.........# #.....#


You could see a hound, a giant eyeball and a worker ant.

Vanquished Creatures
  An elf skeleton (D:4)
  A giant frog (D:7)
  A centaur zombie (Ossuary)
  2 orc priests
  2 human zombies
  A human skeleton (D:4)
  3 orc wizards
  2 worker ants
  A big kobold zombie (Ossuary)
  3 mummies (Ossuary)
  An adder (D:6)
  3 giant geckos
  4 orcs
  2 giant cockroaches
  2 gnoll zombies (Ossuary)
  3 hobgoblins
  2 jackals (D:1)
  7 kobolds
  A quokka (D:4)
  2 ball pythons
  4 bats
  4 giant newts
  A goblin (D:1)
  2 goblin zombies (Ossuary)
  A hobgoblin zombie (Ossuary)
  6 orc skeletons
  A rat (D:3)
63 creatures vanquished.

Notes
Turn   | Place    | Note
--------------------------------------------------------------
     0 | D:1      | 4tharraofdagon, the Gargoyle Monk, began the quest for the Orb.
     0 | D:1      | Reached XP level 1. HP: 14/14 MP: 1/1
    57 | D:1      | Paralysed by a potion of paralysis for 4 turns
   181 | D:1      | Reached XP level 2. HP: 10/19 MP: 2/2
   508 | D:3      | Reached skill level 5 in Unarmed Combat
   519 | D:3      | Reached XP level 3. HP: 20/23 MP: 3/3
   569 | D:4      | Noticed an elf skeleton
   593 | D:4      | Killed an elf skeleton
   593 | D:4      | Reached skill level 1 in Shields
   593 | D:4      | Reached XP level 4. HP: 18/29 MP: 4/4
   602 | D:4      | Found a sand-covered staircase.
   635 | D:4      | Reached XP level 5. HP: 14/33 MP: 5/5
   638 | Ossuary  | Entered an ossuary
   888 | Ossuary  | Gained mutation: Your flesh is heat resistant. [potion of mutation]
   888 | Ossuary  | Gained mutation: You are frail (-10% HP). [potion of mutation]
   888 | Ossuary  | Gained mutation: You are weak. (Str -2) [potion of mutation]
   889 | Ossuary  | Gained mutation: You possess an exceptional clarity of mind. [potion of mutation]
   889 | Ossuary  | Gained mutation: Space occasionally distorts in your vicinity. [potion of mutation]
   890 | Ossuary  | NICE
   923 | Ossuary  | Reached skill level 6 in Unarmed Combat
   923 | Ossuary  | Reached XP level 6. HP: 8/34 MP: 6/6
   981 | D:4      | Noticed a phantom
  1022 | D:5      | Entered Level 5 of the Dungeon
  1338 | D:5      | Found a shadowy altar of Dithmenos.
  1397 | D:5      | Found Pnelel's Food Boutique.
  1446 | D:5      | Reached XP level 7. HP: 25/39 MP: 7/7
  1474 | D:5      | Found Kumyomox's Weapon Emporium.
  1478 | D:5      | Found Chaefeck's Distillery.
  1578 | D:4      | Paralysed by a giant eyeball for 4 turns
  1581 | D:4      | Slain by a hound

Action                   |  1- 3 |  4- 6 |  7- 9 || total
-------------------------+-------+-------+-------++-------
Melee: Unarmed           |   113 |   165 |    22 ||   300
  Use: Potion            |     4 |     5 |       ||     9
       Scroll            |       |     5 |       ||     5
 Stab: Sleeping          |     2 |     5 |       ||     7
       Distracted        |       |     1 |       ||     1
